 Dungeon Crawl Stone Soup version 0.17-a0-1979-g1c74939 (webtiles) character file.

59 KINGKRU the Skirmisher (level 4, 0/40 HPs)
             Began as a Hill Orc Fighter on Sept 29, 2015.
             Was an Initiate of Fedhas.
             Slain by an adder (2 damage)
             ... on level 2 of the Dungeon on Oct 5, 2015.
             The game lasted 00:07:37 (1733 turns).

KINGKRU the Skirmisher (Hill Orc Fighter)           Turns: 1733, Time: 00:07:37

Health: 0/40       AC:  7    Str: 19    XL:     4   Next: 3%
Magic:  4/4        EV:  7    Int:  8    God:    Fedhas [......]
Gold:   110        SH:  9    Dex: 10    Spells: 0 memorised, 3 levels left

rFire  . . .     SeeInvis .     a - +0 long sword
rCold  . . .     Clarity  .     b - +0 scale mail
rNeg   + . .     SustAt   .     c - +0 shield
rPois  .         Gourm    .     (no helmet)
rElec  .         Spirit   .     (no cloak)
rCorr  .         Warding  +     (no gloves)
rMut   .         Stasis   .     (no boots)
MR     .....                    n - amulet of warding
Stlth  ..........               (no ring)
                                (no ring)

@: lethally poisoned (0 -> -1), flying, not resistant to hostile enchantments,
extremely unstealthy
A: no striking features
a: Renounce Religion


You were on level 2 of the Dungeon.
You worshipped Fedhas.
Fedhas was noncommittal.
You were not hungry.

You visited 1 branch of the dungeon, and saw 2 of its levels.

You collected 110 gold pieces.

Inventory:

Hand Weapons
 a - a +0 long sword (weapon)
Armour
 b - a +0 scale mail (worn)
 c - a +0 shield (worn)
Jewellery
 n - an amulet of warding (around neck)
Scrolls
 g - a scroll of noise {unknown}
 i - a scroll of amnesia
 j - a scroll of identify {unknown}
 o - a scroll of magic mapping {unknown}
Potions
 d - a potion of might
 k - a potion of flight
Comestibles
 e - a bread ration
 h - 2 meat rations
 l - a slice of pizza
 m - 2 beef jerkies


   Skills:
 + Level 4.1 Fighting
 + Level 2.3 Long Blades
 + Level 4.1 Armour
 + Level 0.7 Dodging
 + Level 3.9 Shields


You had 3 spell levels left.
You didn't know any spells.

Dungeon Overview and Level Annotations

Branches:
Dungeon (2/15)

Altars:
Fedhas


Message History

You slash the kobold!
You kill the kobold!
You block the bat's attack. The bat hits you but does no damage.
You block the adder's attack.
You feel sick. The adder bites you.
* * * LOW HITPOINT WARNING * * *
The bat hits you.
* * * LOW HITPOINT WARNING * * *
You closely miss the bat. The bat hits you but does no damage.
You block the bat's attack.
You barely miss the bat.
You feel sick. You block the bat's attack. The bat hits you but does no damage.
You block the bat's attack.
Drink which item? (? for menu, Esc to quit)
It was a potion of flight.
You feel very buoyant.
You fly up into the air.
The bat barely misses you.
Drink which item? (? for menu, Esc to quit)
It was a potion of magic.
Magic courses through your body. The adder bites you.
You die...
Fedhas appreciates your contribution to the ecosystem.

#....#####....)).##.#....########
###...#####.#######.'....# ######
#...........# #.#....# #.....
##....#####..## #.#....###.####
...#<.........#####.#.....##.#
.......###........#.#####.##.#
..##.#.†...<..###.#.. #.##.####
.......##)##..###.#.# #.##....#
######....#...bS@.#.. #.#####.#
.....'....#.#.)####.# #.# #.#
######....#.#..####.# #.# #.#
#### #....#...).....# #.### #.#
...# #########..###'# ##...# #.#
...# #..)...####....###P# ...###
#.....((...._..PPP.# .....#
#......###....###### ##...#
#.#.##'# #...##


You could see an adder and a bat.

Vanquished Creatures
  An adder (D:2)
  A worm (D:2)
  A giant gecko (D:2)
  4 giant cockroaches
  3 hobgoblins
  6 bats
  4 giant newts
  14 goblins
  6 kobolds
  4 rats
44 creatures vanquished.

Vanquished Creatures (others)
  4 toadstools (D:2)
4 creatures vanquished.

Grand Total: 48 creatures vanquished

Notes
Turn   | Place    | Note
--------------------------------------------------------------
     0 | D:1      | KINGKRU the Hill Orc Fighter began the quest for the Orb.
     0 | D:1      | Reached XP level 1. HP: 19/19 MP: 1/1
   162 | D:1      | Reached XP level 2. HP: 13/27 MP: 2/2
   191 | D:1      | HP: 1/27 [poisoned by a kobold]
   839 | D:1      | Upgraded the game from 0.17-a0-1939-ga475588 to 0.17-a0-1979-g1c74939
   983 | D:2      | Reached XP level 3. HP: 28/33 MP: 3/3
  1032 | D:2      | Reached skill level 4 in Fighting
  1645 | D:2      | Found a blossoming altar of Fedhas.
  1650 | D:2      | Reached XP level 4. HP: 40/40 MP: 4/4
  1656 | D:2      | Became a worshipper of Fedhas Madash
  1731 | D:2      | HP: 2/40 [poisoned by an adder]
  1733 | D:2      | Slain by an adder

Vault maps used:
D:1:      eino_arrival_cavern_e
D:2:      nicolae_overflow_crystal_walls

Action                   |  1- 3 |  4- 6 || total
-------------------------+-------+-------++-------
Melee: Long sword        |   149 |    16 ||   165
  Use: Scroll            |     4 |       ||     4
       Potion            |       |     2 ||     2
  Eat: Bread ration      |     1 |       ||     1
